 Dungeon Crawl Stone Soup version 0.23.1 (webtiles) character file.

Game seed: 12832004585701366155

46 kae the Sneak (level 3, 0/28 HPs)
             Began as a Naga Enchanter on Mar 19, 2019.
             Slain by a bat (1 damage)
             ... on level 2 of the Dungeon.
             The game lasted 00:01:54 (1285 turns).

kae the Sneak (Naga Enchanter)                      Turns: 1285, Time: 00:01:55

Health: 0/28       AC:  3    Str: 10    XL:     3   Next: 68%
Magic:  0/6        EV: 10    Int: 16    God:
Gold:   107        SH:  0    Dex: 11    Spells: 3/6 levels left

rFire    . . .     SeeInvis +   a - +1 dagger
rCold    . . .     Gourm    .   (no shield)
rNeg     . . .     Faith    .   b - +0 robe
rPois    +         Spirit   .   (no helmet)
rElec    .         Reflect  .   (no cloak)
rCorr    .         Harm     .   g - +0 pair of gloves
MR       .....                  (no barding)
Stlth    +++.......             (no amulet)
HPRegen  0.09/turn              (no ring)
MPRegen  0.10/turn              (no ring)

@: short of breath, very slow
A: large, see invisible, deformed body, poison resistance, slowness 2, slow
metabolism 1, spit poison 1, AC +1
a: Spit Poison


You were on level 2 of the Dungeon.
You were not hungry.

You visited 1 branch of the dungeon, and saw 2 of its levels.

You collected 107 gold pieces.

Inventory:

Hand Weapons
 a - a +1 dagger (weapon)
Armour
 b - a +0 robe (worn)
 g - a +0 pair of gloves (worn)
Scrolls
 c - 2 scrolls of enchant armour {unknown}
 e - 2 scrolls of immolation {unknown}
 f - a scroll of identify {unknown}
 h - a scroll of magic mapping {unknown}
 j - a scroll of fear {unknown}
Comestibles
 d - 2 rations


   Skills:
 - Level 1.1 Short Blades
 - Level 1.5 Dodging
 * Level 5.8 Stealth
 + Level 2.4 Spellcasting
 + Level 3.4 Hexes


You had 3 spell levels left.
You knew the following spells:

 Your Spells              Type           Power        Failure   Level  Hunger
a - Corona                Hex            ##.....      4%          1    #......
b - Ensorcelled Hibernat  Hex/Ice        #.....       16%         2    ###....

Your spell library contained the following spells:

 Spells                   Type           Power        Failure   Level  Hunger
 Confuse                  Hex            ##......     14%         3    ###....
 Tukima's Dance           Hex            ##......     14%         3    ###....
 Dazzling Spray           Conj/Hex       #.....       30%         3    ###....


Dungeon Overview and Level Annotations

Branches:
Dungeon (2/15)

Altars:


Innate Abilities, Weirdness & Mutations

You cannot wear boots.
Your serpentine skin is tough. (AC +1)
You have supernaturally acute eyesight. (SInv)
Armour fits poorly on your strangely shaped body.
Your system is resistant to poisons. (rPois)
You cover ground very slowly.
You have a slow metabolism.
You can spit poison.


Message History

The splash of poison hits the orc wizard.
The orc wizard is moderately wounded.
You feel slightly more hungry. The bat closely misses you.
The orc wizard closely misses you.
Casting: Ensorcelled Hibernation (safe; 16% risk of failure)
Confirm with . or Enter, or press ? or * to list all spells.
Aiming: Ensorcelled Hibernation (safe; 16% risk of failure)
Press: ? - help, Shift-Dir - straight line, f/p - orc wizard
Aim: an orc wizard, wielding a +0 dagger and wearing a +0 robe (moderately wounded, slightly transparent, chance to defeat MR: 38%)
The orc wizard resists with some effort.
The orc wizard barely misses you. The bat closely misses you.
You hit the orc wizard but do no damage.
The orc wizard is moderately wounded.
The bat closely misses you.
The orc wizard hits you but does no damage.
You aren't carrying any potions.
You hit the orc wizard but do no damage.
The orc wizard is moderately wounded.
The bat hits you.
You die...

#.... ####...............
..... #........).........
.....###......(...........
..........................
..........................
..........................
.......).......รท....##...#
........(o..).......+.....
......(.b@..........##....
....................##....
....................##..
.....################ .....
####


You could see an orc wizard (invisible) and a bat.

Vanquished Creatures
  An adder (D:2)
  A dart slug (D:2)
  2 leopard geckos (D:2)
  4 orcs (D:2)
  2 bats (D:1)
  A giant cockroach (D:2)
  3 goblins (D:1)
  5 hobgoblins
  A kobold (D:1)
  4 frilled lizards
  5 rats
29 creatures vanquished.

Notes
Turn   | Place    | Note
-------+----------+-------------------------------------------
     0 | D:1      | kae the Naga Enchanter began the quest for the Orb.
     0 | D:1      | Reached XP level 1. HP: 15/15 MP: 3/3
   358 | D:1      | Reached XP level 2. HP: 22/22 MP: 5/5
   559 | D:1      | Reached skill level 5 in Stealth
   907 | D:2      | Learned a level 2 spell: Ensorcelled Hibernation
  1001 | D:2      | Reached XP level 3. HP: 28/28 MP: 6/6
  1281 | D:2      | HP: 1/28 [bat (1)]
  1285 | D:2      | Slain by a bat

Skill      XL: |  1  2 |
---------------+-------+-----
Stealth        | 5 |  5.8
Short Blades   | |  1.1
Dodging        | |  1.5
Spellcasting   | |  2.4
Hexes          | |  3.4

Action                   || total
-------------------------++-------
Melee: Dagger            ||    70
 Cast: Corona            ||     1
       Ensorcelled Hiber ||     9
 Abil: Spit Poison       ||     4
  Use: Potion            ||     2
 Stab: Sleeping          ||    13
  Eat: Chunk             ||     1
Armor: Robe              ||    26
Dodge: Dodged            ||    40
